AoeStats
← papalove

Arabia

509075289Analyzed
2v2 RM · 8d ago on Sep 25, 2026· 32m 54s· 4 players
Game mode
Random Map
Map size
Medium (4 player)
Population
200
Speed
Normal
Resources
Standard
Victory
Conquest
Starting age
Dark Age
Ending age
Imperial Age
RankedLock teamsTeams togetherTeam positionsShared explorationLock speedFull tech treeHidden civsTurbo modeCheats
Victory
Defeat
🇫🇷 Maya · France
1187
+11
🇫🇷 Georgians · France
1117
+13
🇪🇸 Koreans · Spain
1074
-12
🇪🇸 Bohemians · Spain
1062
-12
papalove
0:26 Loom
9:36 Feudal Age
10:12 Double-Bit Axe
15:05 Wheelbarrow
15:39 Horse Collar
25:08 Castle Age
23:11 Fletching
25:03 Padded Archer Armor
25:04 Stone Mining
25:08 Gold Mining
25:12 Crossbowman
25:48 Bodkin Arrow
26:23 Squires
27:47 Ballistics
28:36 Heavy Plow
29:30 Leather Archer Armor
29:22 Eagle Warrior
Peaky
10:35 Feudal Age
8:54 Loom
21:37 Castle Age
20:12 Double-Bit Axe
20:43 Bloodlines
21:04 Forging
21:29 Scale Barding Armor
24:45 Husbandry
25:59 Chain Barding Armor
30:57 Wheelbarrow
31:51 Bow Saw
kiko1994
10:35 Feudal Age
13:52 Double-Bit Axe
14:54 Loom
17:50 Scale Barding Armor
17:55 Forging
25:37 Castle Age
25:58 Wheelbarrow
26:12 Horse Collar
28:51 Chemistry
28:45 Scale Mail Armor
30:44 Fletching
MIKELROSSI
7:18 Loom
10:09 Feudal Age
17:10 Man-at-Arms
20:45 Double-Bit Axe
23:36 Horse Collar
24:31 Stone Mining
26:57 Castle Age
25:42 Town Watch
29:17 Fletching
29:51 Gold Mining
30:48 Scale Barding Armor
33:17 Husbandry
Connection lost

Rejoining the realm…

Still unreachable

The connection could not be restored.

Session expired

The server has moved on; the page needs a fresh start.